Map: Ephemeron LE

Players

pHARM - Winner!

  • Race: Zerg Zerg
  • League: Platinum
  • Spawn Location: 11:00

chocola

  • Race: Terran Terran
  • League: Gold
  • Spawn Location: 5:00

VOD

Have the link to the VOD?

Description

Time

  • Played on: Sept. 1, 2019, 3:29 p.m.
  • Length: 8:15
Show
View Real Time Build Order
Export as new Build Order

pHARM Zerg - Winner!

Build Orders: Hatch First 

Get SALT Encoding   

  12  0:01  Drone  
  13  0:12  Overlord  
  14  0:28  Drone  
  14  0:30  Drone x2  
  16  0:51  Hatchery  
  16  0:55  Drone  
  16  0:57  Drone  
  16  1:02  Drone  
  18  1:18  Spawning Pool  
  17  1:20  Drone  
  18  1:28  Drone  
  19  1:34  Drone  
  20  1:43  Extractor  
  19  1:48  Drone  
  20  1:55  Overlord  
  20  2:04  Queen  
  20  2:05  Queen  
  20  2:06  Zergling x4  
  26  2:26  Drone x3  
  29  2:33  Drone  
  30  2:43  Drone x2  
  32  2:48  Drone  
  32  2:49  Drone  
  34  2:52  Lair  
  34  2:57  Drone  
  35  3:13  Drone  
  35  3:14  Overlord x2  
  36  3:33  Evolution Chamber  
  35  3:37  Roach Warren  
  35  3:38  Drone x7  
  35  3:39  Evolution Chamber  
  40  3:50  Spine Crawler  
  39  3:59  Zerg Missile Weapons Level 1  
  39  4:00  Overlord x2  
  39  4:02  Drone x4  
  43  4:10  Extractor  
  43  4:11  Drone, Extractor  
  43  4:12  Drone x4  
  43  4:16  Glial Reconstitution  
  46  4:24  Drone x2  
  48  4:36  Drone  
  49  4:39  Roach x4  
  57  4:48  Roach x3  
  57  4:49  Queen  
  65  5:03  Spore Crawler  
  65  5:05  Spore Crawler  
  63  5:07  Spore Crawler  
  63  5:11  Spore Crawler  
  63  5:13  Spore Crawler  
  60  5:17  Spore Crawler  
  59  5:34  Drone  
  60  5:36  Hatchery  
  60  5:38  Overlord x3  
  59  5:43  Drone  
  60  5:59  Overlord x2  
  60  6:00  Roach  
  60  6:01  Roach x6  
  74  6:14  Roach  
  74  6:15  Roach x4  
  84  6:20  Roach x2  
  88  6:26  Roach x2  
  93  6:32  Drone  
  92  6:56  Drone x5  
  92  6:57  Drone x5  
  92  6:59  Overlord  
  95  7:22  Drone x9  
  86  7:39  Extractor  
  86  7:43  Hydralisk Den  
  82  7:52  Drone x3  
  82  7:53  Drone x5  
  88  7:59  Drone  
  85  8:10  Extractor  
  84  8:11  Extractor  
Show
View Real Time Build Order
Export as new Build Order

chocola Terran 

Build Orders:  

Get SALT Encoding   

  12  0:01  SCV  
  13  0:14  SCV  
  14  0:26  SCV  
  15  0:30  Supply Depot  
  15  0:52  SCV  
  15  0:54  Barracks  
  16  0:59  Refinery  
  16  1:04  SCV  
  17  1:11  Refinery  
  17  1:16  SCV  
  18  1:28  SCV  
  19  1:37  Barracks  
  19  1:40  SCV  
  20  1:47  Supply Depot  
  20  1:49  Marine  
  20  1:52  Orbital Command  
  21  2:06  Factory  
  21  2:07  Marine  
  22  2:24  Marine  
  22  2:27  Barracks, Barracks Tech Lab  
  24  2:30  SCV  
  24  2:42  SCV  
  25  2:48  Barracks Tech Lab  
  25  2:50  Supply Depot  
  25  2:56  Starport  
  24  2:59  Factory Reactor  
  24  3:03  Stimpack  
  24  3:05  Marine  
  24  3:12  SCV  
  26  3:24  SCV  
  26  3:25  Barracks Reactor  
  27  3:32  Combat Shield  
  27  3:36  SCV  
  27  3:38  Marine  
  27  3:39  Marine  
  30  3:46  Supply Depot  
  30  3:56  Marine x2  
  30  3:58  Factory Reactor  
  30  4:01  Medivac, Engineering Bay  
  34  4:07  Marine x2  
  36  4:14  Marine  
  37  4:34  Supply Depot  
  37  4:42  Concussive Shells  
  37  4:43  Command Center, Medivac  
  39  4:47  Marauder  
  41  4:55  Terran Infantry Weapons Level 1  
  41  5:10  Marine x2  
  41  5:11  Marauder  
  45  5:22  Marauder  
  45  5:26  Medivac  
  49  5:32  Marauder, Widow Mine  
  49  5:33  Marine  
  54  5:55  Missile Turret  
  54  6:09  Widow Mine x2  
  54  6:10  Viking  
  60  6:25  Marine x2  
  60  6:26  Marauder x2  
  60  6:30  Widow Mine  
  61  6:43  Marine x2  
  63  6:57  Barracks  
  63  7:00  Factory Tech Lab  
  59  7:02  Armory  
  40  7:25  Marine x4  
  40  7:43  Marine x3  
  36  7:54  Marine  
Tags
 
Matchup
TvZ
Replay Pack
10.7.19
Spawn Locations
Cross Positions
Add a new tag
Caveats
  • Supply blocks, unpowered buildings, or Contaminate may cause inaccurate times.
  • Supply counts are checked every 10 seconds.